 Dungeon Crawl Stone Soup version 0.29-a0-375-g5102b3be25 (webtiles) character file.

Game seed: 10741953554619039302

297486 freelancePsychic the Warrior (level 20, -2/211 (215) HPs)
             Began as a Demonspawn Warper on May 1, 2022.
             Was the Champion of Makhleb.
             Killed by divine providence
             ... invoked by a mad acolyte of Lugonu
              (14 damage)
             ... on level 5 of the Abyss on May 3, 2022.
             The game lasted 01:44:49 (42237 turns).

freelancePsychic the Warrior (Demonspawn Warper)   Turns: 42237, Time: 01:44:50

HP:   -2/211 (215)  AC: 32    Str: 15      XL:     20   Next: 10%
MP:   7/29          EV: 20    Int: 20 (22) God:    Makhleb [******]
Gold: 1495          SH: 12    Dex:  9      Spells: 8/31 levels left

rFire   + . .      SeeInvis +     - Unarmed
rCold   + . .      Faith    .   f - +2 buckler {rC+}
rNeg    + . .      Spirit   .   (body armour currently unavailable)
rPois   ∞          Reflect  .   N - +3 crown of Dyrovepreva {rElec Int+2 SInv}
rElec   +          Harm     .   D - +2 cloak
rCorr   .          Rampage  .   (gloves unavailable)
Will    +....                   (boots currently unavailable)
Stlth   +.........              X - amulet of regeneration
HPRegen 1.25/turn               K - +4 ring of evasion
MPRegen 0.21/turn               t - ring of protection from fire

@: mighty, agile, statue-form, flying, very slightly contaminated, hasted
(expiring), constricted, studying Ice Magic, lightly drained
A: slow and powerful, torment resistance 1, boosted hp, claws 3, foul stench 3,
powered by pain 1, sturdy frame 3, large bone plates 1, [clumsy 2]
}: 2/15 runes: decaying, gossamer
a: End Transformation, Renounce Religion, Minor Destruction, Lesser Servant of
Makhleb, Major Destruction, Greater Servant of Makhleb


You were on level 5 of the Abyss.
You worshipped Makhleb.
Makhleb was exalted by your worship.
You were a living statue of rough stone.
You visited 6 branches of the dungeon, and saw 34 of its levels.
You visited the Abyss 1 time.
You also visited: Bailey, Gauntlet and Ice Cave.

You collected 5092 gold pieces.
You spent 3597 gold pieces at shops.

Inventory:

Missiles
 d - 9 boomerangs of dispersal
 y - 26 boomerangs
 B - 859 stones
 I - 3 throwing nets
Armour
 b - a +0 troll leather armour (melded) {Pargi}
 f - a +2 buckler of cold resistance (worn)
 z - a +0 pair of boots (melded)
 D - a +2 cloak (worn)
 E - a +0 kite shield of cold resistance
 L - a +2 helmet
 N - the +3 crown of Dyrovepreva (worn) {rElec Int+2 SInv}
   (You bought it in a shop on level 1 of the Elven Halls)

   Int:       It affects your intelligence (+2).
   rElec:     It insulates you from electricity.
   SInv:      It lets you see invisible.
 S - a +0 hat of willpower
Jewellery
 q - the ring "Veukiprulaxt" {rF+ rC- rN+++ Will+ Int+3}
   (You found it in a Gauntlet)

   [ring of protection from fire]

   Int:       It affects your intelligence (+3).
   rF:        It protects you from fire.
   rC:        It makes you vulnerable to cold.
   rN:        It renders you almost immune to negative energy.
   Will:      It increases your willpower.
 t - a ring of protection from fire (right claw)
 K - a +4 ring of evasion (left claw)
 O - the ring "Ruus" {Str+4 SInv}
   (You found it on level 9 of the Dungeon)

   [ring of see invisible]

   Str:       It affects your strength (+4).
   SInv:      It lets you see invisible.
 X - an amulet of regeneration (around neck)
Wands
 i - a wand of iceblast (11)
 o - a wand of flame (43)
 r - a wand of polymorph (19)
 u - a wand of paralysis (13)
 G - a wand of acid (24)
 V - a wand of mindburst (23)
Scrolls
 c - a scroll of blinking
 h - 4 scrolls of fog
 l - 7 scrolls of vulnerability
 m - 3 scrolls of enchant armour
 p - a scroll of fear
 s - 6 scrolls of torment
 M - 2 scrolls of immolation
 P - 3 scrolls of silence
 R - 15 scrolls of teleportation {@r4}
 T - 2 scrolls of enchant weapon
 U - a scroll of summoning
 W - 22 scrolls of identify {@r1}
 Y - 9 scrolls of magic mapping
Potions
 a - 5 potions of lignification
 e - 3 potions of mutation
 j - 12 potions of curing {@q1}
 k - 6 potions of flight
 n - 6 potions of brilliance
 v - 2 potions of invisibility
 w - 5 potions of attraction
 x - 2 potions of cancellation
 A - 5 potions of ambrosia
 C - 10 potions of haste {@q3}
 F - 3 potions of magic
 H - 7 potions of berserk rage
 J - 5 potions of might
 Z - 2 potions of resistance
Miscellaneous
 Q - a condenser vane


   Skills:
 + Level 16.5 Fighting
 - Level 2.4 Polearms
 - Level 0.8 Throwing
 - Level 0.8 Armour
 + Level 8.4 Dodging
 - Level 12.3 Shields
 * Level 13.6 Unarmed Combat
 - Level 6.4 Spellcasting
 - Level 7.2 Conjurations
 - Level 2.6 Translocations
 + Level 13.7 Transmutations
 + Level 13.2 Earth Magic
 - Level 11.3 Invocations
 - Level 5.0 Evocations


You had 8 spell levels left.
You knew the following spells:

 Your Spells              Type           Power      Damage    Failure   Level
a - Blink                 Tloc           34%        N/A       6%          2
b - Lee's Rapid Deconstr  Erth           28%        3d16*     1%          5
c - Stone Arrow           Conj/Erth      94%        3d12      1%          3
d - Statue Form           Tmut/Erth      38%        N/A       8%          6
e - Wereblood             Tmut           57%        N/A       1%          2
h - Irradiate             Conj/Tmut      24%        3d21      4%          5

Your spell library contained the following spells:

 Spells                   Type           Power      Damage    Failure   Level
 Sandblast                Erth           100%       2d20      1%          1
 Sting                    Tmut/Pois      100%       1d8       1%          1
 Passwall                 Tmut/Erth      47%        N/A       1%          2
 Petrify                  Tmut/Erth      57%        N/A       1%          4
 Blade Hands              Tmut           28%        N/A       1%          5
 Spider Form              Tmut/Pois      33%        N/A       2%          3
 Apportation              Tloc           34%        N/A       4%          1
 Ice Form                 Ice/Tmut       33%        N/A       7%          4
 Leda's Liquefaction      Hex/Erth       16%        N/A       8%          4
 Dazzling Flash           Conj/Hex       40%        N/A       9%          3
 Animate Skeleton         Necr           12%        N/A       12%         1
 Freeze                   Ice            24%        1d5       12%         1
 Pain                     Necr           24%        1d5       12%         1
 Summon Small Mammal      Summ           24%        N/A       12%         1
 Gell's Gravitas          Tloc           17%        N/A       12%         3
 Lesser Beckoning         Tloc           17%        N/A       12%         3
 Teleport Other           Tloc           17%        N/A       12%         3
 Iskenderun's Mystic Bla  Conj/Tloc      26%        2d7       16%         4
 Ensorcelled Hibernation  Hex/Ice        12%        N/A       19%         2
 Poisonous Vapours        Pois/Air       12%        N/A       19%         2
 Sublimation of Blood     Necr           6%         N/A       19%         2
 Portal Projectile        Hex/Tloc       22%        N/A       21%         3
 Alistair's Intoxication  Tmut/Pois      22%        N/A       21%         5
 Yara's Violent Unravell  Hex/Tmut       16%        3d8       21%         5
 Borgnjor's Vile Clutch   Necr/Erth      16%        N/A       22%         5
 Fulminant Prism          Conj/Hex       10%        3d9       26%         4
 Hailstorm                Conj/Ice       20%        3d6       26%         4
 Call Canine Familiar     Summ           6%         N/A       34%         3
 Confusing Touch          Hex            6%         N/A       34%         3
 Frozen Ramparts          Ice            12%        1d3       34%         3
 Vampiric Draining        Necr           6%         2d6       34%         3
 Lightning Bolt           Conj/Air       10%        1d23      58%         5
 Manifold Assault         Tloc           17%        N/A       73%         5
 Anguish                  Hex/Necr       3%         N/A       75%         4
 Animate Dead             Necr           3%         N/A       75%         4
 Olgreb's Toxic Radiance  Pois           6%         N/A       75%         4
 Freezing Cloud           Conj/Ice/Air   8%         6-21      77%         5
 Agony                    Necr           6%         N/A       97%         5
 Excruciating Wounds      Necr           3%         N/A       97%         5
 Metabolic Englaciation   Hex/Ice        3%         N/A       97%         5
 Starburst                Conj/Fire      10%        6d5       99%         6
 Death Channel            Necr           3%         N/A       100%        6
 Simulacrum               Ice/Necr       3%         N/A       100%        6
 Enfeeble                 Hex            3%         N/A       100%        7
 Malign Gateway           Summ/Tloc      5%         N/A       100%        7
 Summon Hydra             Summ           3%         N/A       100%        7


Dungeon Overview and Level Annotations

Branches:
Dungeon (15/15)            Temple (0/1) D:6            Lair (6/6) D:8
  Swamp (4/4) Lair:3       Spider (4/4) Lair:4        Slime (0/5) Lair:5
    Orc (2/2) D:10            Elf (3/3) Orc:2        Vaults (0/5) D:14
 Depths (0/4) D:15         Bailey (visited)           IceCv (visited)
Gauntlet (visited)

Altars:
Makhleb
Trog
Yredelemnul
Jiyva

Shops:
D:1 :   D:9 ?   D:14 (   Orc:2 *(=[   Elf:1 [

Portals:
Trove: D:10 (give +4 ice dragon scales)

Annotations:
D:2 Terence
D:8 exclusion: two-headed ogre
Lair:4 3 runed translucent doors, exclusion: oklob plant, Kesmoz's ghost, journeyman MfBe; Luuqe's ghost, journeyman MfGl
Elf:2 3 runed translucent doors


Innate Abilities, Weirdness & Mutations

You are a living statue of rough stone.
Your actions are slow, but your melee attacks are powerful.
You are resistant to unholy torment.
Your maximum health is greatly increased.
You are immune to poison.
Your equipment is partially melded.
You have claws for hands.
You frequently emit foul miasma when damaged in melee.
You sometimes gain a little power by taking damage.
Your movements are significantly less encumbered by armour. (ER -6)
You are partially covered in large bone plates. (SH +4)
[You are very clumsy. (Dex -4)]


Message History

The eldritch tentacle slaps you!
* * * LOW HITPOINT WARNING * * *
The eldritch tentacle freezes you! You resist.
* * * LOW HITPOINT WARNING * * *
The eldritch tentacle claws you!
* * * LOW HITPOINT WARNING * * *
The eldritch tentacle shocks you! You resist.
* * * LOW HITPOINT WARNING * * *
You can move again.
Blink to where?
Press: ? - help, Dir - move target The tentacled monstrosity's grasp on you weakens, but your attempt to escape fails.
As you read the scroll of blinking, it crumbles to dust.
A deafening chorus of shrieks assaults your mind!
* * * LOW HITPOINT WARNING * * *
The tentacled monstrosity closely misses you.
You block the tentacled monstrosity's attack.
The tentacled monstrosity completely misses you.
The tentacled monstrosity constricts you.
* * * LOW HITPOINT WARNING * * *
The mad acolyte of Lugonu casts a spell.
The mad acolyte of Lugonu flickers and vanishes for a moment.
The eldritch tentacle closely misses you.
You block the eldritch tentacle's attack.
The starcursed mass misses you.
Okay, then.
You feel much better.
A starcursed mass splits.
The eldritch tentacle completely misses you.
The eldritch tentacle claws you!
* * * LOW HITPOINT WARNING * * *
The eldritch tentacle shocks you. You resist.
* * * LOW HITPOINT WARNING * * *
You block the tentacled monstrosity's attack.
The tentacled monstrosity closely misses you.
You block the tentacled monstrosity's attack.
The tentacled monstrosity constricts you.
* * * LOW HITPOINT WARNING * * *
The mad acolyte of Lugonu gestures at you while chanting.
Something smites you!
You die...

... .#.#
.#.# .. .
...... ####
#. .......
.... +#####
#' # ### #.
.
#..#≈#..#.#
. .
#......v#.
##.#≈#.####
#≈.≈†≈.≈#
##X≈8≈.##


##XXwXX## #≈.XXFF≈# ##.XX..## #≈.....≈# ##.....## ≈'###'≈# p##.#.##p# ## ##φ##
## You could see 8 starcursed masses, a tentacled monstrosity (misshapen), an
eldritch tentacle, a spatial vortex, 2 mad acolytes of Lugonu and 2 blink frogs.

Vanquished Creatures
  Nikola (Elf:1)
  A Hell Sentinel (Abyss:5)
  A lich (IceCv)
  A deep elf blademaster (Elf:3)
  2 deep elf master archers (Elf:3)
  3 tentacled starspawn
  3 thorn hunters
  3 sphinxes (Elf:2)
  An eldritch tentacle (Abyss:5)
  A fenstrider witch (Swamp:4)
  3 deep elf sorcerers (Elf:3)
  6 emperor scorpions
  5 ghost moths
  An orc warlord (Orc:2)
  2 deep elf elementalists (Elf:3)
  A broodmother (Spider:2)
  A quicksilver ooze (Gauntlet)
  3 deep elf demonologists
  4 eleionomae
  Nessos (Lair:6)
  A spark wasp (Spider:1)
  6 entropy weavers
  A minotaur (Gauntlet)
  4 deep elf annihilators
  2 bunyips
  Snorg (Lair:4)
  An eidolon (Abyss:5)
  5 deep elf death magi (Elf:3)
  3 fire dragons
  A deep elf high priest (Elf:3)
  2 shambling mangroves
  2 caustic shrike simulacra (IceCv)
  29 hydras
  Harold (D:11)
  8 vault guards (D:14)
  2 ice dragons
  4 boulder beetles
  A spriggan air mage (Swamp:2)
  A ghost crab (Swamp:1)
  A rakshasa (Abyss:4)
  4 centaur warriors
  2 radroaches (Spider:2)
  A merfolk avatar (Abyss:5)
  6 two-headed ogres
  11 alligators
  16 dancing weapons
  2 death yaks (Lair:4)
  A spriggan berserker (Swamp:4)
  A tengu warrior (D:10)
  An orc high priest (Orc:1)
  8 thrashing horrors
  5 spriggans
  Sonja (D:11)
  A titan skeleton (Abyss:5)
  8 deep elf knights
  2 wretched stars (Abyss:4)
  2 spatial maelstroms
  3 goliath frogs
  A glowing orange brain (Gauntlet)
  3 sun moths
  6 steelbarb worms
  A flayed ghost (Abyss:4)
  A spriggan simulacrum (IceCv)
  5 spriggan druids
  7 orb spiders
  3 pharaoh ants
  5 deep elf archers
  15 swamp dragons
  5 bog bodies
  6 large abominations
  An obsidian statue (IceCv)
  A necromancer (IceCv)
  A harpy (Elf:2)
  5 orc knights
  16 deep elf zephyrmancers
  5 lindwurms
  2 wizards
  22 ugly things
  A wolf spider zombie (D:13)
  26 deep elf pyromancers
  An orc sorcerer (Orc:2)
  5 will-o-the-wisps
  22 wolf spiders
  8 manticores
  2 moths of wrath
  2 cyclopes
  Maurice (D:11)
  5 elephants
  2 apocalypse crabs (Abyss:4)
  2 black mambas
  11 centaur zombies (D:13)
  4 torpor snails
  A smoke demon (Abyss:3)
  18 cane toads
  6 demonic crawlers
  2 unseen horrors
  A kobold demonologist (D:9)
  11 rime drakes
  3 efreet
  17 freezing wraiths (IceCv)
  9 komodo dragons
  A komodo dragon (shapeshifter) (Elf:1)
  2 anaconda simulacra (IceCv)
  4 ancient zymes
  A tengu conjurer (D:10)
  A golden dragon simulacrum (IceCv)
  7 trolls
  A queen bee (shapeshifter) (Elf:2)
  6 meliai
  2 polar bears (Lair:5)
  17 tarantellas
  A hornet (shapeshifter) (D:13)
  A bloated husk (Swamp:3)
  11 hornets
  13 blink frogs
  14 tyrant leeches
  19 dream sheep
  16 slime creatures
  Grinder (D:5)
  8 raiju
  A meliai zombie (D:13)
  3 air elementals
  22 culicivoras
  19 jumping spiders
  A centaur simulacrum (D:12)
  A vampire (D:14)
  A ynoxinul (Abyss:4)
  3 dire elephant simulacra (IceCv)
  A shadow (D:12)
  8 wraiths
  A small abomination (Abyss:3)
  A fire bat (Abyss:4)
  42 yaks
  2 water elementals
  2 wyverns (D:7)
  2 fire elementals (Elf:1)
  Eustachio (D:5)
  12 steam dragons
  5 basilisks
  51 redbacks
  14 vampire mosquitoes
  3 minotaur simulacra (IceCv)
  4 chaos spawn (Abyss:5)
  A neqoxec (Abyss:3)
  A spatial vortex (Abyss:3)
  7 wargs (Orc:2)
  2 harpy simulacra (IceCv)
  30 water moccasins
  13 swamp worms
  3 acid dragons
  A hydra simulacrum (IceCv)
  4 hell hounds
  Pargi (D:3)
  3 ettin simulacra (IceCv)
  9 swamp drakes (Swamp:4)
  33 orc warriors
  A black bear (Lair:2)
  A hornet zombie (D:13)
  A black bear (shapeshifter) (D:13)
  6 wolves (Orc:2)
  6 ogres
  8 centaurs
  3 alligator simulacra (IceCv)
  A kobold brigand (D:10)
  A necrophage (D:5)
  14 bullfrogs
  4 scorpions
  2 gnoll sergeants
  A deep troll simulacrum (IceCv)
  6 earth elementals
  4 wights (D:9)
  4 lindwurm simulacra (IceCv)
  6 killer bees (D:9)
  7 electric eels
  4 howler monkeys
  A jelly (D:7)
  A quasit (Abyss:4)
  5 starcursed masses (Abyss:4)
  19 orc priests
  6 hounds
  A gnoll shaman (D:7)
  Jessica (D:2)
  Ijyb (D:5)
  4 iguanas
  11 orc wizards
  7 hell rats (Lair:4)
  27 gnolls
  16 adders
  3 white imps
  2 ufetubi (D:5)
  A worm (D:3)
  2 dart slugs
  64 orcs
  3 endoplasms
  4 giant cockroaches
  12 goblins
  5 hobgoblins
  3 jackals (D:7)
  A quokka (D:3)
  4 ball pythons
  8 bats
  3 frilled lizards
  14 kobolds
  5 rats
  6 briar patches (Swamp:4)
  A lurking horror (Abyss:5)
  4 starspawn tentacles (Abyss:4)
1225 creatures vanquished.

Vanquished Creatures (collateral kills)
  A broodmother (Spider:3)
  2 entropy weavers
  A hydra (Lair:4)
  A radroach (Spider:3)
  Urug (Orc:2)
  Amaemon (Lair:2)
  2 orb spiders (Spider:2)
  2 bog bodies (Lair:3)
  A spriggan simulacrum (IceCv)
  4 wolf spiders
  An orange demon (Lair:2)
  A rime drake (Lair:2)
  A demonic crawler (Spider:2)
  A tarantella (Spider:3)
  2 jumping spiders (Spider:3)
  4 redbacks
  An ogre (Orc:2)
  A bullfrog (Lair:2)
  An orc wizard (D:3)
29 creatures vanquished.

Vanquished Creatures (others)
  A deep elf knight (Elf:2)
  A deep elf zephyrmancer (Elf:1)
  4 bloated husks
  A jumping spider (Spider:2)
  A spriggan (Swamp:1)
  A swamp drake (Swamp:1)
  2 centaurs (D:15)
  A white imp (D:6)
  2 briar patches (Swamp:2)
  10 demonic plants (Gauntlet)
  26 foxfires
  50 fungi
  87 plants
  8 starspawn tentacles
195 creatures vanquished.

Grand Total: 1449 creatures vanquished

Notes
Turn   | Place    | Note
-------+----------+-------------------------------------------
     0 | D:1      | freelancePsychic the Demonspawn Warper began the quest for
                  | the Orb.
     0 | D:1      | Reached XP level 1. HP: 16/16 MP: 3/3
   345 | D:1      | Gained mutation: You may rarely emit foul miasma when
                  | damaged in melee. [demonic ancestry]
   345 | D:1      | Reached XP level 2. HP: 22/22 MP: 5/5
   810 | D:1      | Found Baimuet's Book Shop.
  1093 | D:2      | Learned a level 2 spell: Blink
  1502 | D:2      | Found a faded altar of an unknown god.
  1517 | D:2      | Gained mutation: You sometimes gain a little power by
                  | taking damage. [demonic ancestry]
  1517 | D:2      | Reached XP level 3. HP: 28/28 MP: 6/6
  1579 | D:2      | Reached skill level 1 in Conjurations
  1649 | D:2      | Noticed Jessica
  1652 | D:2      | Killed Jessica
  1653 | D:2      | Reached skill level 1 in Earth Magic
  1862 | D:2      | Noticed Terence
  2177 | D:2      | Gained mutation: You have sharp fingernails. [demonic
                  | ancestry]
  2177 | D:2      | Reached XP level 4. HP: 34/34 MP: 7/7
  2699 | D:3      | Found a burning altar of Makhleb.
  2737 | D:3      | Became a worshipper of Makhleb the Destroyer
  2758 | D:3      | Reached XP level 5. HP: 21/40 MP: 8/8
  2764 | D:3      | Reached skill level 1 in Unarmed Combat
  3149 | D:3      | Noticed Pargi
  3655 | D:4      | Reached skill level 3 in Fighting
  3655 | D:4      | Reached skill level 1 in Invocations
  3662 | D:4      | Identified the +1 ring mail of Zyaps {Str+5 Stlth+}
  4091 | D:4      | Gained mutation: Your movements are slightly less
                  | encumbered by armour. (ER -2) [demonic ancestry]
  4091 | D:4      | Reached XP level 6. HP: 32/47 MP: 9/9
  4279 | D:4      | Reached * piety under Makhleb
  4819 | D:5      | Entered Level 5 of the Dungeon
  5056 | D:5      | Noticed Ijyb
  5076 | D:5      | Killed Ijyb
  5502 | D:5      | Gained mutation: You have very sharp fingernails. [demonic
                  | ancestry]
  5502 | D:5      | Reached XP level 7. HP: 39/53 MP: 10/10
  5724 | D:5      | Reached skill level 1 in Transmutations
  5827 | D:5      | Noticed Eustachio
  5827 | D:5      | Noticed Grinder
  5857 | D:5      | Killed Grinder
  5858 | D:5      | Reached skill level 4 in Fighting
  5956 | D:1      | Bought a book of Geomancy for 252 gold pieces
  5958 | D:1      | Learned a level 1 spell: Sandblast
  5962 | D:1      | Learned a level 3 spell: Stone Arrow
  6053 | D:5      | Reached XP level 8. HP: 60/60 MP: 2/11
  6122 | D:5      | Identified the +1 rapier "Piskoin" {speed, SInv}
  6227 | D:5      | Killed Eustachio
  6365 | D:4      | Reached skill level 5 in Earth Magic
  7081 | D:6      | Found a staircase to the Ecumenical Temple.
  7236 | D:6      | Reached ** piety under Makhleb
  7237 | D:6      | Reached skill level 5 in Invocations
  7767 | D:6      | Noticed a komodo dragon
  7785 | D:6      | Reached skill level 5 in Fighting
  8144 | D:7      | Found a flagged portal.
  8254 | Bailey   | Entered a bailey
  8856 | Bailey   | Reached skill level 5 in Conjurations
  8856 | Bailey   | Gained mutation: Your movements are less encumbered by
                  | armour. (ER -4) [demonic ancestry]
  8856 | Bailey   | Reached XP level 9. HP: 51/68 MP: 8/14
  9621 | D:7      | Noticed a red ugly thing
 10427 | D:7      | Reached *** piety under Makhleb
 10607 | D:7      | Killed a red ugly thing
 10608 | D:7      | Reached skill level 6 in Fighting
 10939 | D:8      | Found a staircase to the Lair.
 11191 | D:8      | Noticed a two-headed ogre
 11268 | D:8      | Noticed a cyclops
 11275 | D:8      | Killed a cyclops
 11276 | D:8      | Reached XP level 10. HP: 38/76 MP: 7/17
 12072 | D:9      | Found Ofasusol's Magic Scroll Boutique.
 12158 | D:8      | Reached skill level 5 in Spellcasting
 12158 | D:8      | Reached skill level 5 in Transmutations
 12397 | D:9      | Noticed a two-headed ogre
 12404 | D:9      | Killed a two-headed ogre
 12960 | D:9      | Identified the ring "Ruus" {Str+4 SInv}
 13015 | D:9      | Noticed a two-headed ogre
 13022 | D:9      | Killed a two-headed ogre
 13117 | D:9      | Reached skill level 7 in Fighting
 13472 | D:10     | Entered Level 10 of the Dungeon
 13596 | D:10     | Found a staircase to the Orcish Mines.
 13862 | D:9      | Gained mutation: You have claws for hands. [demonic
                  | ancestry]
 13862 | D:9      | Reached XP level 11. HP: 30/84 MP: 8/19
 14233 | D:1      | Bought a book of Sloth for 504 gold pieces
 14240 | D:1      | Learned a level 6 spell: Statue Form
 14286 | D:3      | Killed Pargi
 15366 | D:10     | Reached **** piety under Makhleb
 16012 | D:10     | Found a portal to a secret trove of treasure.
 16122 | D:10     | Reached skill level 8 in Fighting
 16305 | D:10     | Noticed a tengu warrior
 16330 | D:10     | Reached skill level 10 in Earth Magic
 16337 | D:10     | Killed a tengu warrior
 16442 | Lair:1   | Entered Level 1 of the Lair of Beasts
 17422 | Lair:2   | Noticed a seven-headed hydra
 17428 | Lair:2   | Killed a seven-headed hydra
 17429 | Lair:2   | Gained mutation: Your movements are significantly less
                  | encumbered by armour. (ER -6) [demonic ancestry]
 17429 | Lair:2   | Reached XP level 12. HP: 94/94 MP: 9/20
 18024 | Lair:3   | Reached skill level 9 in Fighting
 18325 | Lair:3   | Found the +7 mace of Variability {chain chaos}
 18518 | Lair:3   | Found a staircase to the Swamp.
 18532 | Lair:3   | Reached skill level 10 in Transmutations
 18824 | Lair:4   | Reached ***** piety under Makhleb
 18861 | Lair:4   | Found a gate leading to a gauntlet.
 18870 | Gauntlet | Entered a Gauntlet
 18870 | Gauntlet | Found a large runed translucent door.
 18870 | Gauntlet | Found a large runed translucent door.
 18870 | Gauntlet | Found a large runed translucent door.
 18870 | Gauntlet | Found a large runed translucent door.
 18870 | Gauntlet | Found a runed translucent door.
 18870 | Gauntlet | Found a large runed translucent door.
 18870 | Gauntlet | Found a large runed translucent door.
 18870 | Gauntlet | Found a transporter.
 18870 | Gauntlet | Found a transporter.
 18870 | Gauntlet | Found a large runed translucent door.
 18870 | Gauntlet | Found a large runed translucent door.
 18870 | Gauntlet | Found a runed translucent gate.
 18870 | Gauntlet | Found a runed translucent gate.
 18870 | Gauntlet | Found a transporter.
 18884 | Gauntlet | Found a transporter.
 18885 | Gauntlet | Found a transporter.
 18887 | Gauntlet | Noticed a quicksilver ooze
 18895 | Gauntlet | Found a transporter.
 18955 | Gauntlet | Found a runed translucent door.
 18956 | Gauntlet | Found a large runed translucent door.
 18956 | Gauntlet | Found a large runed translucent door.
 18956 | Gauntlet | Found a large runed translucent door.
 18956 | Gauntlet | Found a large runed translucent door.
 18957 | Gauntlet | Found a large runed translucent door.
 18957 | Gauntlet | Found a large runed translucent door.
 18958 | Gauntlet | Found a large runed translucent door.
 18958 | Gauntlet | Found a large runed translucent door.
 18962 | Gauntlet | Found a transporter.
 18964 | Gauntlet | Noticed a catoblepas
 18974 | Gauntlet | Found a transporter.
 18988 | Gauntlet | Found a transporter.
 19004 | Gauntlet | Found a transporter.
 19013 | Gauntlet | Found a transporter.
 19019 | Gauntlet | Found a transporter.
 19024 | Gauntlet | Noticed a minotaur
 19042 | Gauntlet | Found a runed translucent gate.
 19109 | Gauntlet | Gained mutation: Your body sometimes deteriorates upon
                  | taking damage. [mutagenic glow]
 19193 | Gauntlet | Identified the ring "Veukiprulaxt" {rF+ rC- rN+++ Will+
                  | Int+3}
 19237 | Gauntlet | Lost mutation: Your body sometimes deteriorates upon taking
                  | damage. [potion of mutation]
 19237 | Gauntlet | Gained mutation: Your flesh is cold resistant. (rC+)
                  | [potion of mutation]
 19237 | Gauntlet | Gained mutation: You are strong-willed. (Will+) [potion of
                  | mutation]
 19237 | Gauntlet | Lost mutation: You are strong-willed. (Will+) [potion of
                  | mutation]
 19237 | Gauntlet | Gained mutation: Your flesh is very cold resistant. (rC++)
                  | [potion of mutation]
 19261 | Gauntlet | Killed a quicksilver ooze
 19273 | Gauntlet | Identified the ring of Equilibrium {rElec rC+ rCorr Int-3
                  | Slay-4}
 19288 | Gauntlet | Killed a minotaur
 19401 | Lair:4   | Noticed a death yak
 19406 | Lair:4   | Noticed a death yak
 19409 | Lair:4   | Killed a death yak
 19417 | Lair:4   | Killed a death yak
 19505 | Lair:4   | Noticed Snorg
 19521 | Lair:4   | Killed Snorg
 19522 | Lair:4   | Reached skill level 1 in Shields
 19526 | Lair:4   | Reached XP level 13. HP: 102/102 MP: 16/21
 19630 | Lair:4   | Found a runed translucent gate.
 19631 | Lair:4   | Found a runed translucent gate.
 19632 | Lair:4   | Found a runed translucent gate.
 19633 | Lair:4   | Noticed Luuqe's ghost (journeyman MfGl)
 19634 | Lair:4   | Noticed Kesmoz's ghost (journeyman MfBe)
 19775 | Lair:4   | Found a hole to the Spider Nest.
 20462 | Lair:5   | Reached skill level 10 in Fighting
 20566 | Lair:5   | Reached skill level 5 in Unarmed Combat
 20857 | Lair:5   | Found a viscous altar of Jiyva.
 20858 | Lair:5   | Found a staircase to the Slime Pits.
 21266 | Lair:6   | Entered Level 6 of the Lair of Beasts
 21614 | D:1      | Bought a book of Alchemy for 392 gold pieces
 21620 | D:1      | Learned a level 5 spell: Irradiate
 21626 | D:1      | Learned a level 5 spell: Lee's Rapid Deconstruction
 22320 | Lair:6   | Gained mutation: You sometimes emit foul miasma when
                  | damaged in melee. [demonic ancestry]
 22320 | Lair:6   | Reached XP level 14. HP: 111/111 MP: 22/22
 22337 | Lair:6   | Reached ****** piety under Makhleb
 22559 | Lair:6   | Reached skill level 11 in Fighting
 22814 | Lair:6   | Noticed Nessos
 22833 | Lair:6   | Killed Nessos
 22894 | Lair:6   | Got Sif Muna's Reference Book on Poisonous Displacement
 22897 | Lair:6   | Identified the +3 trident of Paguonu {drain, rElec Dex+2}
 22898 | Lair:6   | Identified the +10 hunting sling of Hifekeuwn {freeze,
                  | rPois Will++ Str+2}
 23207 | Lair:2   | Noticed Amaemon
 23220 | Lair:2   | Killed Amaemon
 23886 | D:11     | Noticed Maurice
 23897 | D:11     | Killed Maurice
 24165 | D:11     | Noticed Harold
 24173 | D:11     | Killed Harold
 24283 | D:11     | Noticed Sonja
 24286 | D:11     | Killed Sonja
 26263 | D:13     | Learned a level 2 spell: Wereblood
 26301 | D:13     | Found a basalt altar of Yredelemnul.
 26328 | D:13     | Reached skill level 10 in Unarmed Combat
 26334 | D:13     | Reached skill level 5 in Dodging
 26337 | D:13     | Reached skill level 12 in Fighting
 26380 | D:13     | Reached XP level 15. HP: 120/120 MP: 20/23
 26908 | D:14     | Found Uhaxt's Weapon Shoppe.
 27119 | D:14     | Found a gate to the Vaults.
 27334 | D:15     | Entered Level 15 of the Dungeon
 27793 | D:15     | Found a staircase to the Depths.
 27875 | D:15     | Identified the +0 chain mail of Classification {+Inv rElec
                  | Dex-4 Slay+3}
 28275 | Orc:1    | Entered Level 1 of the Orcish Mines
 28325 | Orc:1    | Found a bloodstained altar of Trog.
 28490 | Orc:2    | Entered Level 2 of the Orcish Mines
 28492 | Orc:2    | Found a staircase to the Elven Halls.
 28562 | Orc:2    | Noticed Urug
 28574 | Orc:2    | Killed Urug
 28843 | Orc:2    | Found Ekhuothrod's Antique Weapon Shoppe.
 28924 | Orc:2    | Found Zoykh's Antique Armour Shoppe.
 28931 | Orc:2    | Bought an ancient robe for 114 gold pieces
 28931 | Orc:2    | Identified the +1 robe of the Glamorous God {rF+} (You
                  | bought it in a shop on level 2 of the Orcish Mines)
 29132 | Orc:2    | Noticed an orc warlord
 29145 | Orc:2    | Killed an orc warlord
 29150 | Orc:2    | Gained mutation: You are frail. (-10% HP) [mutagenic glow]
 29228 | Orc:2    | Lost mutation: Your flesh is very cold resistant. (rC++)
                  | [potion of mutation]
 29228 | Orc:2    | Lost mutation: You are frail. (-10% HP) [potion of
                  | mutation]
 29228 | Orc:2    | Lost mutation: Your flesh is cold resistant. (rC+) [potion
                  | of mutation]
 29228 | Orc:2    | Gained mutation: You do not regenerate when monsters are
                  | visible. [potion of mutation]
 29229 | Orc:2    | Lost mutation: You do not regenerate when monsters are
                  | visible. [potion of mutation]
 29229 | Orc:2    | Gained mutation: You are partially covered in large bone
                  | plates. (SH +4) [potion of mutation]
 29252 | Orc:2    | Found Ybloorghe's General Store.
 29260 | Orc:2    | Bought a scroll of acquirement for 520 gold pieces
 29701 | Orc:2    | Found Fubuof's Jewellery Shop.
 29800 | Orc:2    | Acquired 1299 gold pieces
 29820 | Orc:2    | Bought a ring of protection from fire for 325 gold pieces
 29899 | D:10     | Upgraded the game from 0.29-a0-369-gd956c00756 to
                  | 0.29-a0-375-g5102b3be25
 30084 | Spider:1 | Entered Level 1 of the Spider Nest
 30127 | Spider:1 | Reached skill level 5 in Shields
 30134 | Spider:1 | Reached skill level 13 in Fighting
 30180 | Spider:1 | Found a frozen archway.
 30197 | IceCv    | Entered an ice cave
 30346 | IceCv    | Reached XP level 16. HP: 130/130 MP: 25/25
 30583 | IceCv    | Found an ancient bone altar of Kikubaaqudgha.
 30740 | IceCv    | Noticed a lich
 30747 | IceCv    | Killed a lich
 32238 | Spider:2 | Reached skill level 14 in Fighting
 33121 | Spider:3 | Reached skill level 1 in Evocations
 33200 | Spider:3 | Gained mutation: You frequently emit foul miasma when
                  | damaged in melee. [demonic ancestry]
 33200 | Spider:3 | Reached XP level 17. HP: 140/140 MP: 10/26
 33322 | Spider:3 | Reached skill level 10 in Shields
 34147 | Swamp:1  | Entered Level 1 of the Swamp
 34408 | Swamp:1  | Reached skill level 10 in Invocations
 35494 | Swamp:3  | Reached skill level 15 in Fighting
 35901 | Swamp:3  | Reached XP level 18. HP: 149/149 MP: 22/27
 36175 | Swamp:4  | Entered Level 4 of the Swamp
 36422 | Swamp:4  | Noticed a tentacled monstrosity
 37202 | Swamp:4  | Got a decaying rune of Zot
 37385 | Swamp:4  | Reached XP level 19. HP: 156/156 MP: 22/28
 37613 | Spider:4 | Entered Level 4 of the Spider Nest
 38317 | Spider:4 | Identified the +1 pair of boots of Utafone {rN+ Str-3 Dex+8
                  | Stlth+}
 38497 | Spider:4 | Got a gossamer rune of Zot
 38547 | Spider:4 | Reached skill level 5 in Evocations
 39052 | Elf:1    | Entered Level 1 of the Elven Halls
 39201 | Elf:1    | Paralysed by an air elemental for 1 turns
 39371 | Elf:1    | Reached skill level 16 in Fighting
 39466 | Elf:1    | Got the Incunabulum of Conjuration
 39745 | Elf:1    | Found Pagaebav's Antique Armour Emporium.
 39779 | Elf:1    | Bought the +3 crown of Dyrovepreva {rElec Int+2 SInv} for
                  | 1490 gold pieces
 39779 | Elf:1    | Found the +3 crown of Dyrovepreva {rElec Int+2 SInv}
 40046 | Elf:1    | Noticed Nikola
 40058 | Elf:1    | Killed Nikola
 40564 | Elf:2    | Found a runed translucent gate.
 40565 | Elf:2    | Found a runed translucent gate.
 40565 | Elf:2    | Found a runed translucent gate.
 41058 | Elf:3    | Entered Level 3 of the Elven Halls
 41528 | Elf:3    | Reached XP level 20. HP: 166/166 MP: 23/29
 41625 | Elf:3    | Cast into level 3 of the Abyss (a deep elf sorcerer)
 41627 | Abyss:3  | Found a burning altar of Makhleb.
 41705 | Abyss:3  | Found a burning altar of Makhleb.
 41932 | Abyss:4  | Noticed a bone dragon
 42001 | Abyss:5  | Entered Level 5 of the Abyss
 42175 | Abyss:5  | Noticed a dread lich
 42208 | Abyss:5  | Found a corrupted altar of Lugonu.
 42234 | Abyss:5  | Paralysed by accursed screaming for 1 turns
 42236 | Abyss:5  | HP: 10/211 [starcursed mass/accursed screaming (9)]
 42236 | Abyss:5  | HP: 4/211 [constriction (6)]
 42237 | Abyss:5  | Killed from afar by a mad acolyte of Lugonu

Illustrated notes

Levels and vault maps discovered:
D:1:      amcnicky_arrival_gap_in_the_tavern_cellar, layout_basic, serial_shops,
          nicolae_shop_trees
D:2:      layout_basic, serial_forest, infiniplex_forest_clump_diagonal,
          infiniplex_forest_lined_1, infiniplex_forest_clump_tiny,
          infiniplex_forest_lined_ring, infiniplex_forest_corner_2,
          infiniplex_forest_clump_small, infiniplex_forest_lined_3,
          infiniplex_forest_straight_2, infiniplex_forest_clump_curved,
          chequers_ecumenical_altar_island, uniq_jessica, uniq_terence
D:3:      layout_basic, lightli_temple_of_fire, minmay_cupped, uniq_pargi
D:4:      layout_basic
D:5:      layout_gridville, mrwooster_statue_mirror, uniq_grinder, uniq_ijyb,
          uniq_eustachio
D:6:      layout_loops_corners, minmay_temple_entry_poolview
D:7:      layout_cave_pods, serial_gnoll_camp, gnoll_camp_mini_house,
          gnoll_camp_mini_hut, gnoll_camp_mini_doghouse, gnoll_camp_mini_hut,
          gnoll_camp_mini_loothouse, enter_bailey_3,
          kennysheep_decorative_pillar, hangedman_decor_lopped, hex_tiny
D:8:      layout_basic, lair_entry_dummy, serial_bayou, serial_bayou_ford_a,
          serial_bayou_pond_e, serial_bayou_shore_a, serial_bayou_pond_a
D:9:      layout_roguey, serial_shops, shop
D:10:     lemuel_reptile_caves, layout_cave_pools, orc_0_dummy,
          nicolae_trove_entry_isolated
D:11:     layout_loops_ring, item_on_display_a, uniq_maurice, uniq_sonja,
          uniq_harold
D:12:     kennysheep_bubbly, layout_basic
D:13:     layout_basic, nicolae_yredelemnul_corpse_copse
D:14:     layout_long_grid, erik_vaults_2, serial_shops, nicolae_shop_waterfront
D:15:     grunt_enter_depths_hoard, layout_gridville, minmay_lindwurm_lava
Lair:1:   layout_regular_city
Lair:2:   layout_small_grid, bobbens_dragon_lair_wall, uniq_amaemon
Lair:3:   layout_hall_layers, skrybe_swamp_entry_bodies, grunt_megastairs_2
Lair:4:   layout_regular_city, spider_nest_entry_a, gammafunk_ghost_cemetery,
          gauntlet_entry_generic, minmay_lair_oklob_items, uniq_snorg
Lair:5:   nzn_winding_woodlands_medium [nzn_winding_woodlands_hourglass,
          nzn_winding_woodlands_5x15_split_checker,
          nzn_winding_woodlands_5x5_checkerboard,
          nzn_winding_woodlands_5x5_three,
          nzn_winding_woodlands_center_triple_pond,
          nzn_winding_woodlands_5x5_perimeter,
          nzn_winding_woodlands_5x5_closed_star,
          nzn_winding_woodlands_5x15_garden, nzn_winding_woodlands_5x5_cross],
          layout_long_grid, slime_altar_1
Lair:6:   minmay_lair_end_frog_pond, layout_regular_city, uniq_nessos
Swamp:1:  layout_basic_swamp, nicolae_swamp_round_clearing,
          infiniplex_staircase_pool_2
Swamp:2:  layout_basic_swamp, serial_swamp_ruin, hangedman_swamp_ruin_wall,
          evilmike_swamp_ruin_house_3, infiniplex_staircase_pool
Swamp:3:  layout_falls_marsh, nicolae_swamp_tree_designs
Swamp:4:  swamp, layout_basic_swamp, nicolae_swamp_fairy_circle, swamp_pool5
Spider:1: layout_spider_delve, portal_ice_cave_entry_dragon
Spider:2: layout_spider_delve, nicolae_spider_spiderdrome
Spider:3: layout_spider_delve, nicolae_spider_jagged_tunnels
Spider:4: guppyfry_spider_rune, hangedman_spider_tarantella_strand
Orc:1:    layout_caves, david_defended_altar_orc
Orc:2:    grunt_orc_gardens, layout_caves, grunt_orc_garden, grunt_orc_garden,
          grunt_orc_garden, grunt_orc_garden, mines5_lemuel, uniq_urug
Elf:1:    eino_elf_arrival_sip, layout_gridlike, serial_shops,
          nicolae_lakefront_shop, minmay_elf_annihilation, uniq_nikola
Elf:2:    nicolae_elf_blades_crystal_corner, layout_gridlike, special_room
          [special_room_mythical_zoo]
Elf:3:    grunt_elf_hall_asides, layout_loops_corners, minmay_fountain_box,
          grunt_ministairs_3
Abyss:5:  base: Crypt:3, dshaligram_kb_abyss_rune_zappy_water_cross,
          guppyfry_abyss_exit_imp_island, evilmike_abyss_exit_9,
          gammafunk_abyss_rune_reverse_zot, bh_abyss_exit_spiral,
          hangedman_abyss_or_decor_jellyfish_corner,
          evilmike_abyss_rune_siren_acolytes

Skill      XL: |  1  2  3  4  5  6  7  8  9 10 11 12 13 14 15 16 17 18 19 |
---------------+----------------------------------------------------------+-----
Polearms       | 2 |  2.4
Conjurations   | 1 2 3 4 5 7 |  7.2
Earth Magic    | 1 2 3 4 6 7 8 10 12 13 | 13.2
Unarmed Combat | 1 3 7 10 11 13 | 13.6
Fighting       | 3 4 5 6 7 8 9 10 12 13 14 15 16 | 16.5
Invocations    | 1 2 3 5 6 9 10 11 | 11.3
Transmutations | 2 4 6 9 10 11 12 13 | 13.7
Spellcasting   | 3 4 5 6 |  6.4
Shields        | 1 4 5 9 12 | 12.3
Dodging        | 5 6 8 |  8.4
Evocations     | 1 2 3 5 |  5.0
Throwing       | |  0.8
Armour         | |  0.8
Translocations | |  2.6

Action                   |  1- 3 |  4- 6 |  7- 9 | 10-12 | 13-15 | 16-18 | 19-21 || total
-------------------------+-------+-------+-------+-------+-------+-------+-------++-------
Melee: Spear             |   130 |    33 |       |       |       |       |       ||   163
       Unarmed           |     1 |    38 |       |   227 |   896 |   768 |   592 ||  2522
       Whip              |       |   119 |   176 |    82 |       |       |       ||   377
       Punch             |       |     1 |     3 |     7 |     9 |       |       ||    20
Throw: Boomerang         |       |     3 |       |       |       |       |       ||     3
 Cast: Stone Arrow       |       |       |    56 |   168 |    36 |       |       ||   260
       Sandblast         |       |       |    20 |     2 |       |       |       ||    22
       Blink             |       |       |     2 |     1 |       |       |       ||     3
       Statue Form       |       |       |       |    12 |    76 |    69 |    49 ||   206
       Irradiate         |       |       |       |       |    30 |    43 |    25 ||    98
       Lee's Rapid Decon |       |       |       |       |    20 |       |       ||    20
       Wereblood         |       |       |       |       |    13 |     1 |     1 ||    15
Invok: Minor Destruction |       |       |    95 |   136 |     5 |    51 |     9 ||   296
       Lesser Servant of |       |       |       |     3 |     4 |     1 |       ||     8
       Greater Servant o |       |       |       |       |     1 |     2 |     2 ||     5
       Major Destruction |       |       |       |       |       |     4 |     4 ||     8
 Abil: End Transformatio |       |       |       |       |     1 |       |       ||     1
Evoke: Wand              |       |       |    11 |       |     2 |     2 |     1 ||    16
       Condenser vane    |       |       |       |       |       |     2 |     2 ||     4
  Use: Scroll            |     4 |     5 |     7 |    23 |     9 |     6 |     6 ||    60
       Potion            |       |     3 |     1 |     4 |     6 |     5 |    11 ||    30
 Stab: Sleeping          |       |     4 |       |       |     1 |       |       ||     5
       Paralysed         |       |       |    34 |       |     2 |       |       ||    36
       Invisible         |       |       |       |     1 |     2 |       |       ||     3
       Distracted        |       |       |       |       |     1 |     1 |       ||     2
Armor: Leather armour    |    33 |       |       |       |       |       |       ||    33
       Robe              |       |    21 |    39 |    13 |       |       |       ||    73
       Ring mail         |       |    18 |     6 |       |       |       |       ||    24
       Troll leather arm |       |       |       |    76 |    38 |    28 |    10 ||   152
       Skin              |       |       |       |    89 |   754 |   766 |   394 ||  2003
Dodge: Dodged            |    56 |    88 |   126 |   382 |  1310 |  1099 |   628 ||  3689
Block: Other             |     5 |    38 |     4 |       |       |       |       ||    47
       Buckler           |       |       |       |       |   307 |   877 |   524 ||  1708

Table legend: (Time is in decaauts)
 A = Elapsed time spent in this place.
 B = Non-inter-level travel time spent in this place.
 C = Inter-level travel time spent in this place.
 D = Time resting spent in this place.
 E = Time spent auto-exploring this place.
 F = Levels seen in this place.
 G = Mean time per level.
                   A        B        C        D        E       F      G
               +--------+--------+--------+--------+--------+-----+--------+
         Total |  47069 |  43587 |   3482 |   2076 |  31537 |  40 | 1176.7 |
       Dungeon |  21528 |  19561 |   1967 |    928 |  14997 |  15 | 1435.2 |
          Lair |   7734 |   6935 |    799 |    104 |   5191 |   6 | 1289.0 |
         Swamp |   4339 |   4136 |    203 |    116 |   2966 |   4 | 1084.8 |
   Spider Nest |   5511 |   5214 |    297 |    179 |   3666 |   4 | 1377.8 |
  Orcish Mines |   1550 |   1400 |    150 |    273 |    815 |   2 |  775.0 |
   Elven Halls |   3137 |   3073 |     64 |      0 |   2315 |   3 | 1045.7 |
         Abyss |    760 |    760 |      0 |      0 |    313 |   3 |  253.3 |
        Bailey |   1058 |   1058 |      0 |    226 |    565 |   1 | 1058.0 |
      Ice Cave |    889 |    889 |      0 |     60 |    534 |   1 |  889.0 |
      Gauntlet |    560 |    560 |      0 |    189 |    172 |   1 |  560.0 |
               +--------+--------+--------+--------+--------+-----+--------+

Top non-repeatable levels by time:
     D:8: 2205 daAuts
     D:4: 2072 daAuts
     D:9: 1904 daAuts
     D:7: 1757 daAuts
     D:6: 1667 daAuts
Spider:3: 1585 daAuts
 Swamp:4: 1577 daAuts
  Lair:2: 1570 daAuts
    D:12: 1474 daAuts
  Lair:5: 1460 daAuts
    D:10: 1430 daAuts
     D:2: 1414 daAuts
   Elf:1: 1380 daAuts
  Lair:4: 1362 daAuts
Spider:4: 1339 daAuts
